 Dungeon Crawl Stone Soup version 0.24.0-37-gcf1ca852f1 (webtiles) character file.

Game seed: 16590633360398613967, levelgen mode: deterministic

194 Daemon1337 the Skirmisher (level 5, -1/57 HPs)
             Began as an Ogre Chaos Knight on Nov 24, 2019.
             Was a Plaything of Xom.
             Slain by an ogre
             ... wielding a +3 giant spiked club of chaos
              (16 damage)
             ... on level 4 of the Dungeon.
             The game lasted 00:07:55 (2651 turns).

Daemon1337 the Skirmisher (Ogre Chaos Knight)       Turns: 2651, Time: 00:08:00

Health: -1/57      AC:  5    Str: 14 (15) XL:     5   Next: 73%
Magic:  5/5        EV:  9    Int: 10 (13) God:    Xom [......]
Gold:   181        SH:  0    Dex:  5 (8)  Spells: 4/4 levels left

rFire    . . .     SeeInvis .   a - +0 hand axe (chaos)
rCold    . . .     Gourm    .   (no shield)
rNeg     . . .     Faith    .   b - +2 robe
rPois    .         Spirit   .   (helmet restricted)
rElec    .         Reflect  .   (no cloak)
rCorr    .         Harm     .   (gloves unavailable)
MR       .....                  (boots unavailable)
Stlth    +.........             (no amulet)
HPRegen  0.19/turn              (no ring)
MPRegen  0.09/turn              (no ring)

@: lightly drained
A: large, unfitting armour, tough skin 1, weak 1
a: Renounce Religion


You were on level 4 of the Dungeon.
You worshipped Xom.
You were a very special plaything of Xom.
You were not hungry.

You visited 1 branch of the dungeon, and saw 4 of its levels.

You collected 181 gold pieces.

Inventory:

Hand Weapons
 a - a +0 hand axe of chaos (weapon)
Armour
 b - a +2 robe (worn)
Wands
 m - a wand of paralysis (11)
Scrolls
 d - a scroll of identify {unknown}
 e - a scroll of enchant armour {unknown}
 g - a scroll of amnesia {unknown}
 h - 2 scrolls of teleportation {unknown}
 i - 2 scrolls of magic mapping {unknown}
 j - a scroll of random uselessness {unknown}
 s - a scroll of immolation {unknown}
Potions
 f - a potion of ambrosia {unknown}
 k - a potion of heal wounds {unknown}
 l - a potion of mutation {unknown}
 n - a potion of berserk rage {unknown}
 o - a potion of curing {unknown}
 r - a potion of lignification {unknown}
Comestibles
 c - 7 rations
 p - a chunk of flesh


   Skills:
 + Level 5.1(4.6) Fighting
 + Level 4.8(4.3) Axes
 + Level 3.0(2.5) Dodging
 + Level 1.1(0.6) Stealth


You had 4 spell levels left.
You didn't know any spells.
Your spell library was empty.

Dungeon Overview and Level Annotations

Branches:
Dungeon (4/15)
 Temple: D:4-7

Altars:
Okawaru
Xom
The Shining One


Innate Abilities, Weirdness & Mutations

You are too large for most types of armour.
You have tough skin. (AC +1)
You are weak. (Str -2)


Message History

Xom chortles.
The ogre's +0 giant spiked club is briefly surrounded by a scintillating aura of random colours.
Found 16 gold pieces and a ration.
The ogre closely misses you.
The ogre hits you with a +3 giant spiked club of chaos!!
* * * LOW HITPOINT WARNING * * *
You feel drained.
* * * LOW HITPOINT WARNING * * *
Xom's power touches on your mind for a moment.
You are confused.
You are now a very special plaything of Xom.
The ogre misses you.
An ogre is nearby!
It was a potion of degeneration.
There was something very wrong with that liquid.
You feel weakened.
You feel dopey.
You feel clumsy.
You feel less confused.
The ogre hits you with a +3 giant spiked club of chaos!
You die...
Xom guffaws!

############
#..........#
#..........#
#$........%#
####.#######
#####......##
#...........##
...#..@O......#
.## #..........#
....##..........#
#.............#
#....<.†......#
#[..#..†.....##
#....#†./.....#
................#
..#.
##..............#


You could see an ogre.

Vanquished Creatures
  3 gnolls (D:3)
  6 adders
  3 worms
  2 dart slugs
  3 leopard geckos
  An orc (D:3)
  4 bats
  4 giant cockroaches
  6 hobgoblins
  16 jackals
  A ball python (D:2)
  7 frilled lizards
  9 goblins
  11 kobolds
  9 rats
85 creatures vanquished.

Vanquished Creatures (collateral kills)
  3 gnolls (D:3)
  A leopard gecko (D:3)
  2 jackals (D:3)
6 creatures vanquished.

Grand Total: 91 creatures vanquished

Notes
Turn   | Place    | Note
-------+----------+-------------------------------------------
     0 | D:1      | Daemon1337 the Ogre Chaos Knight began the quest for the
                  | Orb.
     0 | D:1      | Reached XP level 1. HP: 24/24 MP: 1/1
    30 | D:1      | XOM: potion effect (heal wounds)
   102 | D:1      | Reached XP level 2. HP: 32/32 MP: 2/2
   572 | D:1      | XOM: smoke on damage
   615 | D:2      | XOM: noise
   622 | D:2      | Reached XP level 3. HP: 40/40 MP: 3/3
   768 | D:2      | XOM: silly message
   844 | D:2      | Reached XP level 4. HP: 39/49 MP: 4/4
  1014 | D:2      | Found an iron altar of Okawaru.
  1020 | D:2      | Found a glowing golden altar of the Shining One.
  1025 | D:2      | Found a shimmering altar of Xom.
  1066 | D:2      | XOM: mild Erth miscast
  1480 | D:3      | XOM: confuse monster(s)
  1494 | D:3      | Reached skill level 5 in Fighting
  1494 | D:3      | Reached XP level 5. HP: 26/57 MP: 5/5
  1587 | D:3      | XOM: mild Fire miscast
  1925 | D:3      | XOM: silly message
  2074 | D:3      | Reached skill level 1 in Stealth
  2080 | D:3      | XOM: give mutation
  2080 | D:3      | Gained mutation: You are weak. (Str -2) [Xom's mischief]
  2556 | D:4      | Noticed an ogre
  2582 | D:3      | XOM: medium Air miscast
  2637 | D:4      | XOM: chaos upgrade
  2646 | D:4      | XOM: confusion
  2651 | D:4      | Slain by an ogre

Levels and vault maps discovered:
D:1:      dpeg_arrival_fog, layout_basic
D:2:      layout_basic, gammafunk_temple_overflow_forgotten, first_ration,
          minmay_tromino_v7
D:3:      layout_basic
D:4:      layout_rooms

Skill      XL: |  1  2  3  4  5 |
---------------+----------------+-----
Axes           | 4 |  4.8
Fighting       | 5 |  5.1
Stealth        | 1 |  1.1
Dodging        | 3 |  3.0

Action                   |  1- 3 |  4- 6 || total
-------------------------+-------+-------++-------
Melee: Hand axe          |    91 |   140 ||   231
  Use: Potion            |       |     1 ||     1
 Stab: Confused          |       |     4 ||     4
       Petrifying        |       |     1 ||     1
       Sleeping          |       |     1 ||     1
  Eat: Chunk             |       |     6 ||     6
Armor: Robe              |    41 |    63 ||   104
Dodge: Dodged            |    47 |    69 ||   116
